 Dungeon Crawl Stone Soup version 0.30-a0-122-g2a1322497e (webtiles) character file.

Game seed: 890154653953764297

5985 ragingrage the Unseen (level 11, -1/64 HPs)
             Began as a Kobold Brigand on Sept 15, 2022.
             Was a Believer of Wu Jian.
             Slain by an orc warrior
             ... wielding a +0 glaive
              (20 damage)
             ... on level 9 of the Dungeon.
             The game lasted 00:16:30 (14481 turns).

ragingrage the Unseen (Kobold Brigand)             Turns: 14481, Time: 00:16:30

Health: -1/64      AC:  9    Str:  9    XL:     11   Next: 10%
Magic:  11/11      EV: 18    Int: 19    God:    Wu Jian [**....]
Gold:   463        SH:  0    Dex: 20    Spells: 5/10 levels left

rFire   . . .      SeeInvis .    b - +2 long sword (freeze)
rCold   . . .      Faith    .    (no shield)
rNeg    . . .      Spirit   .    w - +1 robe {Archmagi}
rPois   .          Reflect  .    z - +0 helmet
rElec   .          Harm     .    c - +0 cloak
rCorr   .          Rampage  .    j - +0 pair of gloves
Will    .....      Archmagi +    C - +2 pair of boots
Stlth   +++++++...               (no amulet)
HPRegen 0.20/turn                I - +6 ring of intelligence
MPRegen 0.12/turn                (no ring)

@: no status effects
A: small, no large weapons, nightstalker 3
a: Renounce Religion, Wall Jump


You were on level 9 of the Dungeon.
You worshipped Wu Jian.
Wu Jian was pleased with you.
You visited 2 branches of the dungeon, and saw 10 of its levels.

You collected 603 gold pieces.
You spent 140 gold pieces at shops.

Inventory:

Hand Weapons
 a - a +1 dagger of venom
 b - a +2 long sword of freezing (weapon)
 e - a +1 whip of flaming
 p - a +0 dagger of speed
 A - a +1 short sword of protection
 F - a +0 vampiric scimitar
 H - a +2 scimitar
Missiles
 d - 36 poisoned darts (quivered)
 g - a throwing net
 k - 5 curare-tipped darts
Armour
 c - a +0 cloak (worn)
 j - a +0 pair of gloves (worn)
 w - a +1 robe of the Archmagi (worn)
 z - a +0 helmet (worn)
 C - a +2 pair of boots (worn)
Jewellery
 i - a ring of fire
 n - a ring of fire
 I - a +6 ring of intelligence (left hand)
 K - an amulet of the acrobat
Wands
 G - a wand of paralysis (4)
Scrolls
 h - 6 scrolls of teleportation
 l - 3 scrolls of magic mapping
 m - 2 scrolls of fear
 r - 2 scrolls of identify
 s - 2 scrolls of enchant armour
 u - 2 scrolls of immolation
 y - a scroll of vulnerability
 B - 2 scrolls of blinking
 D - a scroll of poison
Potions
 f - 3 potions of magic
 o - 5 potions of curing
 q - a potion of heal wounds
 t - a potion of might
 v - 2 potions of brilliance
 x - 2 potions of haste
 E - a potion of flight
 J - a potion of invisibility


   Skills:
 + Level 5.4 Fighting
 - Level 10.0 Short Blades
 - Level 6.0 Throwing
 + Level 3.5 Armour
 + Level 5.4 Dodging
 + Level 15.0 Stealth
 + Level 3.0 Hexes


You had 5 spell levels left.
You knew the following spells:

 Your Spells              Type           Power      Damage    Failure   Level
a - Inner Flame           Hex/Fire       8%         N/A       32%         3
b - Ensorcelled Hibernat  Hex/Ice        16%        N/A       17%         2

Your spell library contained the following spells:

 Spells                   Type           Power      Damage    Failure   Level
 Apportation              Tloc           0%         N/A       21%         1
 Necrotise                Necr           0%         1d4       21%         1
 Sting                    Tmut/Pois      0%         1d3       21%         1
 Summon Small Mammal      Summ           0%         N/A       21%         1
 Passwall                 Tmut/Erth      0%         N/A       30%         2
 Poisonous Vapours        Pois/Air       0%         N/A       30%         2
 Gell's Gravitas          Tloc           0%         N/A       52%         3
 Swiftness                Air            0%         N/A       52%         3
 Teleport Other           Tloc           0%         N/A       52%         3
 Vampiric Draining        Necr           0%         2d6       52%         3
 Cause Fear               Hex            8%         N/A       52%         4
 Olgreb's Toxic Radiance  Pois           0%         N/A       90%         4
 Agony                    Necr           0%         N/A       99%         5
 Dispersal                Tloc           0%         N/A       100%        6
 Discord                  Hex            8%         N/A       100%        8


Dungeon Overview and Level Annotations

Branches:
Dungeon (9/15)             Temple (1/1) D:7
   Lair: D:8-11         Orc: D:9-12

Altars:
Ashenzari
Dithmenos
Elyvilon
Fedhas
Gozag
Hepliaklqana
Kikubaaqudgha
Makhleb
Nemelex Xobeh
Okawaru
Qazlal
Ru
Sif Muna
Trog
Uskayaw
Vehumet
Wu Jian
Xom
Yredelemnul
Zin
The Shining One

Shops:
D:7 ?

Annotations:
D:8 2 transporters


Innate Abilities, Weirdness & Mutations

You are small and have problems with some larger weapons.
You are completely attuned to the shadows.


Message History

The Council accepts your kill.
You can now perform airborne attacks.
You swing at nothing.
You swing at nothing.
Items here: )) [[.
You start resting.
HP restored.
You see here 3 stones.
You open the door.
An orc warrior comes into view. It is wielding a +0 glaive.
An orc warrior is nearby!
An orc warrior is nearby!
Your +2 long sword of freezing stops glowing.
Your +1 dagger of venom begins to drip with poison!
a - a +1 dagger of venom (weapon)
The orc warrior shouts!
The orc warrior unwields a +0 glaive.
The orc warrior wields a +0 arbalest.
The orc warrior shoots a bolt.
The bolt hits you!!
You close the door.
You start resting.
An orc warrior is nearby!
The orc warrior unwields a +0 arbalest.
The orc warrior wields a +0 glaive.
The orc warrior hits you with a +0 glaive!!
You hit the orc warrior.
The orc warrior is poisoned.
The orc warrior is lightly wounded.
You hit the orc warrior but do no damage.
The orc warrior looks as sick as possible!
The orc warrior is lightly wounded.
Your +1 dagger of venom stops dripping with poison.
Your +2 long sword of freezing glows with a cold blue light!
b - a +2 long sword of freezing (weapon)
The orc warrior completely misses you.
You barely miss the orc warrior.
The orc warrior is lightly wounded.
The orc warrior hits you with a +0 glaive.
You slash the orc warrior! You freeze the orc warrior.
The orc warrior is almost dead.
The orc warrior hits you with a +0 glaive.
* * * LOW HITPOINT WARNING * * *
The orc warrior hits you with a +0 glaive!!
You die...

.#............##.#....#..........
.#...###......##.<..###..........
.#.#####..#....Y.##.###..........
.#.##.....#......##...####.######
...##....(.....P...##.#.......#
.#..........P.P.....#.........#
.#.............P)...##........#
...............o.).P.##....>?.#
.#..........#+##@(...##.......#
............#. #..............#
#.#.###.....#o #...P.)#.......#
#.### #.....####.....##########
..#####............P.#
......##............##
......##............#
#.....###..........##
#.........#......###


You could see an orc warrior (very poisoned).

Vanquished Creatures
  Pikel (D:4)
  A komodo dragon (D:9)
  Grinder (D:3)
  2 yaks (D:8)
  2 steam dragons
  Menkaure (D:5)
  A water moccasin (D:4)
  2 orc warriors
  A sky beast (D:5)
  3 ice beasts
  3 black bears
  An ogre (D:5)
  2 centaurs
  2 lemures (D:4)
  4 kobold brigands
  3 gnoll sergeants
  4 bullfrogs
  2 necrophages
  4 scorpions
  17 wights
  4 killer bees (D:8)
  2 howler monkeys
  5 hounds
  A gnoll bouda (D:5)
  7 orc priests
  Jessica (D:3)
  2 iguanas
  8 orc wizards
  16 gnolls
  6 adders
  2 shadow imps
  2 ufetubi (D:4)
  A worm (D:2)
  3 dart slugs
  26 orcs
  9 ball pythons
  7 bats
  7 endoplasms
  6 goblins
  3 hobgoblins
  13 jackals
  30 kobolds
  5 quokkas
  2 frilled lizards (D:1)
  7 rats
232 creatures vanquished.

Vanquished Creatures (others)
  21 fungi
  23 plants (D:9)
44 creatures vanquished.

Grand Total: 276 creatures vanquished

Notes
Turn   | Place    | Note
-------+----------+-------------------------------------------
     0 | D:1      | ragingrage the Kobold Brigand began the quest for the Orb.
     0 | D:1      | Reached XP level 1. HP: 12/12 MP: 1/1
   174 | D:1      | Reached XP level 2. HP: 17/17 MP: 2/2
   418 | D:1      | Reached XP level 3. HP: 21/21 MP: 3/3
   870 | D:2      | Reached skill level 6 in Stealth
   883 | D:2      | Reached XP level 4. HP: 17/26 MP: 4/4
  1878 | D:3      | Reached XP level 5. HP: 9/30 MP: 5/5
  2349 | D:3      | Noticed Grinder
  2352 | D:3      | Killed Grinder
  2353 | D:3      | Reached skill level 5 in Short Blades
  2353 | D:3      | Reached skill level 7 in Stealth
  2353 | D:3      | Reached XP level 6. HP: 35/35 MP: 6/6
  2990 | D:3      | Noticed Jessica
  2994 | D:3      | Killed Jessica
  3286 | D:4      | Learned a level 3 spell: Inner Flame
  3722 | D:4      | Reached XP level 7. HP: 40/40 MP: 7/7
  3722 | D:4      | Noticed Pikel
  4363 | D:4      | Killed Pikel
  4364 | D:4      | Reached skill level 5 in Throwing
  4364 | D:4      | Reached skill level 9 in Stealth
  4364 | D:4      | Reached XP level 8. HP: 5/44 MP: 8/8
  5559 | D:5      | Entered Level 5 of the Dungeon
  5890 | D:5      | Found a glowing silver altar of Zin.
  5892 | D:5      | Noticed Menkaure
  5896 | D:5      | Killed Menkaure
  5941 | D:5      | Reached skill level 10 in Stealth
  6715 | D:5      | Reached XP level 9. HP: 21/48 MP: 9/9
  6990 | D:5      | Found a glowing golden altar of the Shining One.
  7471 | D:6      | Reached skill level 11 in Stealth
  8239 | D:6      | Reached skill level 10 in Short Blades
  8306 | D:5      | Reached skill level 12 in Stealth
  9020 | D:6      | Reached skill level 13 in Stealth
  9667 | D:7      | Found Fuecal's Magic Scroll Emporium.
  9671 | D:7      | Found a broken altar of Ashenzari.
  9672 | D:7      | Found a white marble altar of Elyvilon.
  9677 | D:7      | Found a shimmering altar of Xom.
  9692 | D:7      | Found an iron altar of Okawaru.
  9698 | D:7      | Bought a scroll of teleportation for 42 gold pieces
  9698 | D:7      | Bought a scroll of teleportation for 42 gold pieces
  9698 | D:7      | Bought a scroll of fear for 56 gold pieces
  9702 | D:7      | Found a shadowy altar of Dithmenos.
  9756 | D:7      | Reached XP level 10. HP: 54/54 MP: 10/10
  9761 | D:7      | Reached skill level 1 in Armour
  9968 | D:7      | Reached skill level 14 in Stealth
 10019 | D:7      | Found a staircase to the Ecumenical Temple.
 10033 | Temple   | Entered the Ecumenical Temple
 10079 | Temple   | Became a worshipper of the Wu Jian Council
 11091 | D:8      | Learned a level 2 spell: Ensorcelled Hibernation
 11098 | D:8      | Noticed a kobold demonologist
 11098 | D:8      | Noticed a kobold demonologist
 11102 | D:8      | Found a transporter.
 11238 | D:8      | Found a transporter.
 11701 | D:8      | Reached * piety under Wu Jian
 11702 | D:8      | Reached skill level 1 in Hexes
 12501 | D:9      | Noticed a komodo dragon
 12537 | D:9      | Killed a komodo dragon
 13063 | D:9      | Reached skill level 5 in Fighting
 13081 | D:9      | Reached skill level 5 in Dodging
 13664 | D:8      | Reached XP level 11. HP: 31/64 MP: 11/11
 14172 | D:9      | Reached skill level 15 in Stealth
 14302 | D:9      | Reached ** piety under Wu Jian
 14481 | D:9      | Slain by an orc warrior

Illustrated notes

Levels and vault maps discovered:
D:1:      noname_arrival_rooms_in_the_neighbourhood, layout_basic,
          kennysheep_minor_cross, minmay_misc_feat_iff, minmay_cupped
D:2:      layout_basic
D:3:      layout_loops_corners, corexii_leaking_fountain,
          chequers_serial_rivers_large_b, uniq_jessica, uniq_grinder
D:4:      layout_basic, serial_rivers, chequers_serial_rivers_marsh,
          chequers_serial_rivers_micro_c, chequers_serial_rivers_micro_d,
          chequers_serial_rivers_room_a, uniq_pikel
D:5:      layout_loops_cross, general_overflow_altar,
          mainiacjoe_overflow_boulevard, uniq_menkaure
D:6:      layout_basic, serial_rivers, chequers_serial_rivers_small_b,
          chequers_serial_rivers_micro_c, chequers_serial_rivers_small_a,
          chequers_serial_rivers_small_a
D:7:      layout_cave_pools, grunt_temple_overflow_open,
          minmay_temple_entry_arrows, serial_shops, shop, serial_gnoll_camp,
          gnoll_camp_mini_loothouse, gnoll_camp_mini_sergeant,
          gnoll_camp_mini_hut, gnoll_camp_mini_basic
D:8:      gammafunk_wand_slinger, layout_cave_pools, minivault_26
D:9:      layout_rooms, grunt_lair_entry_orc_guard_hut
Temple:   nicolae_temple_ecumenical_triangle

Skill      XL: |  1  2  3  4  5  6  7  8  9 10 11 |
---------------+----------------------------------+-----
Short Blades   | 3 4 5 7 8 10 | 10.0
Stealth        | 6 7 9 10 13 14 15 | 15.0
Throwing       | 3 4 5 6 |  6.0
Dodging        | 2 5 |  5.4
Armour         | 3 |  3.5
Fighting       | 5 |  5.4
Hexes          | 2 3 |  3.0

Action                   |  1- 3 |  4- 6 |  7- 9 | 10-12 || total
-------------------------+-------+-------+-------+-------++-------
Melee: Dagger            |    54 |   176 |   585 |   218 ||  1033
       Punch             |     1 |     1 |    14 |     5 ||    21
       Long sword        |       |       |       |    94 ||    94
Throw: Dart              |       |     4 |    84 |     7 ||    95
Invok: Lunge             |       |       |       |    29 ||    29
       Whirlwind         |       |       |       |     8 ||     8
Evoke: Wand              |       |       |       |     1 ||     1
  Use: Potion            |       |       |     9 |       ||     9
       Scroll            |       |       |     5 |     9 ||    14
 Stab: Sleeping          |    20 |    27 |    23 |    20 ||    90
       Distracted        |       |     3 |     1 |     2 ||     6
       Invisible         |       |       |     2 |       ||     2
       Paralysed         |       |       |       |     1 ||     1
Armor: Robe              |       |    35 |    73 |    53 ||   161
       Skin              |       |       |    14 |       ||    14
Dodge: Dodged            |    23 |    90 |   184 |   233 ||   530

Table legend: (Time is in decaauts)
 A = Elapsed time spent in this place.
 B = Non-inter-level travel time spent in this place.
 C = Inter-level travel time spent in this place.
 D = Time resting spent in this place.
 E = Time spent auto-exploring this place.
 F = Levels seen in this place.
 G = Mean time per level.
                   A        B        C        D        E       F      G
               +--------+--------+--------+--------+--------+-----+--------+
         Total |  13943 |  13171 |    772 |   4192 |   6709 |  10 | 1394.3 |
       Dungeon |  13883 |  13123 |    760 |   4192 |   6675 |   9 | 1542.6 |
        Temple |     59 |     47 |     12 |      0 |     34 |   1 |   59.0 |
               +--------+--------+--------+--------+--------+-----+--------+

Top non-repeatable levels by time:
     D:4: 2283 daAuts
     D:6: 1886 daAuts
     D:5: 1865 daAuts
     D:8: 1728 daAuts
     D:3: 1596 daAuts
     D:9: 1329 daAuts
     D:7: 1324 daAuts
     D:2: 1020 daAuts
     D:1: 849 daAuts
  Temple: 59 daAuts
